APP
BOSTON (APP) RED SOX @ SEATTLE (APP) MARINERS
10/13/2047
 
TOP OF THE 1ST
Princeton Rays batting - Pitching for Greeneville Astros : RHP Eli Hernandez
Pitching: RHP Eli Hernandez
Batting: LHB Jason McCamey 0-0: Ball
1-0: Ball
2-0: Foul Ball, location: 2F
2-1: Reached on error, E4 (Groundball, 4, EV 76.9 MPH)
Batting: RHB Will Timmer 0-0: Ball
1-0: Foul Ball, location: 2F
1-1: Ball
2-1: 2-RUN HOME RUN (Flyball, 7D, EV 103.1 MPH), Distance : 376 ft
Batting: LHB Yasahiko Teshima 0-0: Foul Ball, location: 2F
0-1: Called Strike
0-2: Foul Ball, location: 2F
0-2: Ball
1-2: Ball
2-2: Foul Ball, location: 2F
2-2: Fly out, F7 (Flyball, 7S, EV 72.5 MPH)
Batting: RHB Hugo Bautista 0-0: Called Strike
0-1: Ball
1-1: Fly out, F9 (Flyball, 9LD, EV 90.6 MPH)
Batting: SHB Tristan Dearing 0-0: Ball
1-0: Swinging Strike
1-1: Ball
2-1: Ball
3-1: Base on Balls
Batting: RHB Jorge Molina 0-0: Fielders Choice at 2nd, 6-4 (Groundball, 6, EV 83.8 MPH)
Top of the 1st over - 2 runs, 1 hit, 1 error, 1 left on base; Princeton 2 - Greeneville 0
BOTTOM OF THE 1ST
Greeneville Astros batting - Pitching for Princeton Rays : RHP Joe Butler
Pitching: RHP Joe Butler
Batting: RHB Barry Brents 0-0: Swinging Strike
0-1: Foul Ball, location: 2F
0-2: Ball
1-2: Strikes out swinging
Batting: SHB Yoo-chul Jung 0-0: Called Strike
0-1: Swinging Strike
0-2: Strikes out swinging
Batting: LHB Rich Gomez 0-0: Called Strike
0-1: Ball
1-1: Ball
2-1: Ball
3-1: Base on Balls
Batting: RHB Garrett Pálsson 0-0: Called Strike
0-1: Called Strike
0-2: 2-RUN HOME RUN (Flyball, 7D, EV 98.8 MPH), Distance : 376 ft
Batting: RHB Matt Lancto 0-0: Called Strike
0-1: Fly out, F8 (Flyball, 78M, EV 95.6 MPH)
Bottom of the 1st over - 2 runs, 1 hit, 0 errors, 0 left on base; Princeton 2 - Greeneville 2
TOP OF THE 2ND
Princeton Rays batting - Pitching for Greeneville Astros : RHP Eli Hernandez
Batting: RHB Eric Bushey 0-0: Foul Ball, location: 2F
0-1: Ball
1-1: Swinging Strike
1-2: Strikes out looking
Batting: RHB Andy Torres 0-0: Ground out 6-3 (Groundball, 6, EV 79.4 MPH)
Batting: RHB Jimmy Hammertime 0-0: Called Strike
0-1: Foul Ball, location: 2F
0-2: Ball
1-2: Fly out, F7 (Line Drive, 7, EV 91.9 MPH)
Top of the 2nd over - 0 runs, 0 hits, 0 errors, 0 left on base; Princeton 2 - Greeneville 2
BOTTOM OF THE 2ND
Greeneville Astros batting - Pitching for Princeton Rays : RHP Joe Butler
Batting: SHB Dong Ming 0-0: Ball
1-0: DOUBLE (Groundball, 3L, EV 95.0 MPH)
Batting: RHB Bobby Pedraza 0-0: Ball
1-0: Fly out, F7 (Flyball, 7LSF, EV 84.4 MPH)
Batting: RHB Tony Almonte 0-0: Ground out 5-3 (Groundball, 5L, EV 81.9 MPH)
Batting: SHB David Pinder 0-0: Foul Ball, location: 2F
0-1: Ball
1-1: Ball
2-1: Ground out 6-3 (Groundball, 6, EV 97.5 MPH)
Bottom of the 2nd over - 0 runs, 1 hit, 0 errors, 1 left on base; Princeton 2 - Greeneville 2
TOP OF THE 3RD
Princeton Rays batting - Pitching for Greeneville Astros : RHP Eli Hernandez
Batting: LHB Jason McCamey 0-0: Ball
1-0: SINGLE (Groundball, 6, EV 83.8 MPH) (infield hit)
Batting: RHB Will Timmer 0-0: Ball
1-0: Fly out, F9 (Flyball, 9S, EV 84.4 MPH)
Batting: LHB Yasahiko Teshima 0-0: Called Strike
0-1: Foul Ball, location: 2F
0-2: Ball
1-2: Fly out, F5 (Flyball, 56D, EV 83.1 MPH)
Batting: RHB Hugo Bautista 0-0: Ball
Jason McCamey steals 2nd, throwing error, E2
Jason McCamey to third
1-0: Foul Ball, location: 2F
1-1: Ball
2-1: Called Strike
2-2: SINGLE (Groundball, 34D, EV 107.5 MPH)
Jason McCamey scores
Batting: SHB Tristan Dearing 0-0: Called Strike
0-1: Called Strike
0-2: Ball
1-2: SINGLE (Groundball, 34S, EV 65.6 MPH) (infield hit)
Hugo Bautista to second
Batting: RHB Jorge Molina 0-0: Ball
1-0: Ball
2-0: Fielders Choice at 2nd, 5-4 (Groundball, 5, EV 110.6 MPH)
Top of the 3rd over - 1 run, 3 hits, 1 error, 2 left on base; Princeton 3 - Greeneville 2
BOTTOM OF THE 3RD
Greeneville Astros batting - Pitching for Princeton Rays : RHP Joe Butler
Batting: RHB Barry Brents 0-0: Ball
1-0: Ball
2-0: Ball
3-0: Base on Balls
Batting: SHB Yoo-chul Jung 0-0: Ball
1-0: Foul Ball, location: 2F
1-1: Swinging Strike
1-2: Strikes out swinging
Batting: LHB Rich Gomez 0-0: Ball
Barry Brents is caught stealing 2nd base 2-6
1-0: Fly out, F6 (Line Drive, 6, EV 67.5 MPH)
Bottom of the 3rd over - 0 runs, 0 hits, 0 errors, 0 left on base; Princeton 3 - Greeneville 2
TOP OF THE 4TH
Princeton Rays batting - Pitching for Greeneville Astros : RHP Eli Hernandez
Batting: RHB Eric Bushey 0-0: Fly out, F9 (Flyball, 9S, EV 74.4 MPH)
Batting: RHB Andy Torres 0-0: Called Strike
0-1: Swinging Strike
0-2: Ball
1-2: Ground out 6-3 (Groundball, 6, EV 100.6 MPH)
Batting: RHB Jimmy Hammertime 0-0: Swinging Strike
0-1: Foul Ball, location: 2F
0-2: Strikes out swinging
Top of the 4th over - 0 runs, 0 hits, 0 errors, 0 left on base; Princeton 3 - Greeneville 2
BOTTOM OF THE 4TH
Greeneville Astros batting - Pitching for Princeton Rays : RHP Joe Butler
Batting: RHB Garrett Pálsson 0-0: Ball
1-0: Swinging Strike
1-1: Ball
2-1: Called Strike
2-2: Strikes out swinging
Batting: RHB Matt Lancto 0-0: Ball
1-0: Called Strike
1-1: Ball
2-1: Ball
3-1: Base on Balls
Batting: SHB Dong Ming 0-0: Ball
1-0: Called Strike
1-1: Ball
2-1: Swinging Strike
2-2: Ball
3-2: Fly out, F7 (Flyball, 7D, EV 101.9 MPH)
Batting: RHB Bobby Pedraza 0-0: Ground out 5-3 (Groundball, 5S, EV 91.3 MPH)
Bottom of the 4th over - 0 runs, 0 hits, 0 errors, 1 left on base; Princeton 3 - Greeneville 2
TOP OF THE 5TH
Princeton Rays batting - Pitching for Greeneville Astros : RHP Eli Hernandez
Batting: LHB Jason McCamey 0-0: Called Strike
0-1: Fly out, F1 (Line Drive, P, EV 64.4 MPH)
Batting: RHB Will Timmer 0-0: Called Strike
0-1: Ball
1-1: Ball
2-1: Foul Ball, location: 2F
2-2: Fly out, F4 (Popup, 23, EV 78.8 MPH)
Batting: LHB Yasahiko Teshima 0-0: Ball
1-0: Swinging Strike
1-1: Foul Ball, location: 2F
1-2: SINGLE (Flyball, 89S, EV 94.4 MPH)
Batting: RHB Hugo Bautista 0-0: Called Strike
0-1: Ball
1-1: Foul Ball, location: 2F
1-2: Strikes out swinging
Top of the 5th over - 0 runs, 1 hit, 0 errors, 1 left on base; Princeton 3 - Greeneville 2
BOTTOM OF THE 5TH
Greeneville Astros batting - Pitching for Princeton Rays : RHP Joe Butler
Batting: RHB Tony Almonte 0-0: Called Strike
0-1: DOUBLE (Line Drive, 78D, EV 106.3 MPH)
Batting: SHB David Pinder 0-0: Called Strike
0-1: Called Strike
0-2: Strikes out swinging
Batting: RHB Barry Brents 0-0: Ball
1-0: Foul Ball, location: 2F
1-1: Swinging Strike
1-2: Ball
2-2: SINGLE (Groundball, 6MD, EV 106.9 MPH)
Tony Almonte to third
Runner from 3rd tries for Home, throw by CF and OUT! 8-2
Barry Brents to second
Batting: SHB Yoo-chul Jung 0-0: Ball
1-0: Ball
2-0: Ball
3-0: Base on Balls
Batting: LHB Rich Gomez 0-0: Ball
1-0: Fly out, F6 (Popup, 56, EV 65.6 MPH)
Bottom of the 5th over - 0 runs, 2 hits, 0 errors, 2 left on base; Princeton 3 - Greeneville 2
TOP OF THE 6TH
Princeton Rays batting - Pitching for Greeneville Astros : RHP Eli Hernandez
Pitching: RHP Aaron Henriksen
Batting: SHB Tristan Dearing 0-0: Ball
1-0: Swinging Strike
1-1: Ball
2-1: Foul Ball, location: 2F
2-2: SOLO HOME RUN (Flyball, 9LD, EV 98.8 MPH), Distance : 345 ft
Batting: RHB Jorge Molina 0-0: Ball
1-0: Foul Ball, location: 2F
1-1: Called Strike
1-2: Foul Ball, location: 2F
1-2: Fly out, F9 (Flyball, 9LS, EV 91.9 MPH)
Batting: RHB Eric Bushey 0-0: Ball
1-0: Ball
2-0: Ball
3-0: Called Strike
3-1: Base on Balls
Batting: RHB Andy Torres 0-0: Called Strike
0-1: Ball
1-1: Called Strike
1-2: Ball
2-2: Strikes out swinging
Eric Bushey is caught stealing 2nd base 2-4
Batter strikes out.
Top of the 6th over - 1 run, 1 hit, 0 errors, 0 left on base; Princeton 4 - Greeneville 2
BOTTOM OF THE 6TH
Greeneville Astros batting - Pitching for Princeton Rays : RHP Joe Butler
Batting: RHB Garrett Pálsson 0-0: Ball
1-0: Ball
2-0: Ground out 4-3 (Groundball, 34, EV 77.5 MPH)
Batting: RHB Matt Lancto 0-0: Swinging Strike
0-1: Swinging Strike
0-2: Foul Ball, location: 2F
0-2: Foul Ball, location: 2F
0-2: Foul Ball, location: 2F
0-2: Strikes out swinging
Batting: SHB Dong Ming 0-0: SINGLE (Groundball, 34D, EV 102.5 MPH)
Batting: RHB Bobby Pedraza 0-0: Called Strike
0-1: Called Strike
0-2: Ground out U3 (Groundball, 3L, EV 103.1 MPH)
Bottom of the 6th over - 0 runs, 1 hit, 0 errors, 1 left on base; Princeton 4 - Greeneville 2
TOP OF THE 7TH
Princeton Rays batting - Pitching for Greeneville Astros : RHP Aaron Henriksen
Batting: RHB Jimmy Hammertime 0-0: Ball
1-0: Ball
2-0: Called Strike
2-1: Ground out 6-3 (Groundball, 56, EV 105.0 MPH)
Batting: LHB Jason McCamey 0-0: Called Strike
0-1: Ball
1-1: Swinging Strike
1-2: Ground out 4-3 (Groundball, 4, EV 88.8 MPH)
Batting: RHB Will Timmer 0-0: Foul Ball, location: 2F
0-1: Swinging Strike
0-2: Foul Ball, location: 2F
0-2: Strikes out looking
Top of the 7th over - 0 runs, 0 hits, 0 errors, 0 left on base; Princeton 4 - Greeneville 2
BOTTOM OF THE 7TH
Greeneville Astros batting - Pitching for Princeton Rays : RHP Joe Butler
Batting: RHB Tony Almonte 0-0: Foul Ball, location: 2F
0-1: Foul Ball, location: 2F
0-2: Ball
1-2: Ball
2-2: Ball
3-2: Foul Ball, location: 2F
3-2: Ground out 6-3 (Groundball, 6, EV 105.6 MPH)
Batting: SHB David Pinder 0-0: Fly out, F6 (Flyball, 56D, EV 90.6 MPH)
Batting: RHB Barry Brents 0-0: Ball
1-0: Ground out 5-3 (Groundball, 56S, EV 88.1 MPH)
Bottom of the 7th over - 0 runs, 0 hits, 0 errors, 0 left on base; Princeton 4 - Greeneville 2
TOP OF THE 8TH
Princeton Rays batting - Pitching for Greeneville Astros : RHP Aaron Henriksen
Pitching: LHP Jose Rivera
Batting: LHB Yasahiko Teshima 0-0: Called Strike
0-1: Called Strike
0-2: Ball
1-2: Strikes out looking
Batting: RHB Hugo Bautista 0-0: Called Strike
0-1: Fly out, F8 (Flyball, 8RS, EV 93.8 MPH)
Batting: SHB Tristan Dearing 0-0: Swinging Strike
0-1: Foul Ball, location: 2F
0-2: Foul Ball, location: 2F
0-2: Foul Ball, location: 2F
0-2: Ball
1-2: Foul Ball, location: 2F
1-2: Ball
2-2: Ball
3-2: Base on Balls
Batting: RHB Jorge Molina 0-0: Called Strike
0-1: Ball
1-1: Ball
2-1: Fly out, F9 (Flyball, 9S, EV 87.5 MPH)
Top of the 8th over - 0 runs, 0 hits, 0 errors, 1 left on base; Princeton 4 - Greeneville 2
BOTTOM OF THE 8TH
Greeneville Astros batting - Pitching for Princeton Rays : RHP Joe Butler
Pitching: LHP Israel Benchio
Batting: SHB Yoo-chul Jung 0-0: Ball
1-0: SINGLE (Line Drive, 9S, EV 93.1 MPH)
Batting: LHB Rich Gomez 0-0: Swinging Strike
0-1: Called Strike
0-2: Foul Ball, location: 2F
0-2: Strikes out looking
Batting: RHB Garrett Pálsson 0-0: Fielders Choice at 2nd, 6-4 (Groundball, 6, EV 90.6 MPH)
Batting: RHB Matt Lancto 0-0: Hit by Pitch
Garrett Pálsson to second
Pinch Hitting: RHB Alberto Villeda 0-0: Called Strike
0-1: Ball
1-1: Foul Ball, location: 2F
1-2: Strikes out swinging
Bottom of the 8th over - 0 runs, 1 hit, 0 errors, 2 left on base; Princeton 4 - Greeneville 2
TOP OF THE 9TH
Princeton Rays batting - Pitching for Greeneville Astros : LHP Jose Rivera
Now at 2B: Alberto Villeda
Batting: RHB Eric Bushey 0-0: Ball
1-0: Ball
2-0: Foul Ball, location: 2F
2-1: Ball
3-1: Base on Balls
Batting: RHB Andy Torres 0-0: Bunted foul
0-1: Bunted foul
0-2: Ball
1-2: Fly out, F8 (Flyball, 8RXD, EV 107.5 MPH)
Batting: RHB Jimmy Hammertime 0-0: Foul Ball, location: 2F
Balk!
Eric Bushey to second
0-1: Foul Ball, location: 2F
0-2: Ball
1-2: Ball
2-2: Ball
3-2: Intentional Walk
Batting: LHB Jason McCamey 0-0: Ball
1-0: Fielders Choice at 2nd, 6-4 (Groundball, 6, EV 82.5 MPH)
Eric Bushey to third
Batting: RHB Will Timmer 0-0: Foul Ball, location: 2F
0-1: Ball
1-1: Foul Ball, location: 2F
1-2: Ground out 1-3 (Groundball, 34S, EV 86.3 MPH)
Top of the 9th over - 0 runs, 0 hits, 0 errors, 2 left on base; Princeton 4 - Greeneville 2
BOTTOM OF THE 9TH
Greeneville Astros batting - Pitching for Princeton Rays : LHP Israel Benchio
Pitching: LHP Xu-gang Zhou
Now at 1B: Lucas Burhil
Batting: RHB Bobby Pedraza 0-0: Ball
1-0: Called Strike
1-1: Ball
2-1: Swinging Strike
2-2: Strikes out swinging
Batting: RHB Tony Almonte 0-0: Swinging Strike
0-1: Ball
1-1: Ball
2-1: DOUBLE (Flyball, 8LD, EV 91.3 MPH)
Pinch Hitting: LHB John Maxwell 0-0: Called Strike
0-1: Ball
1-1: Ball
2-1: Ball
3-1: SINGLE (Line Drive, 56D, EV 97.5 MPH)
Tony Almonte to third
Batting: RHB Barry Brents 0-0: Called Strike
0-1: Foul Ball, location: 2F
0-2: Strikes out swinging
Batting: SHB Yoo-chul Jung 0-0: Ball
1-0: Foul Ball, location: 2F
1-1: Ball
2-1: Called Strike
2-2: Fly out, F9 (Flyball, 9D, EV 106.9 MPH)
Bottom of the 9th over - 0 runs, 2 hits, 0 errors, 2 left on base; Princeton 4 - Greeneville 2
Thursday, December 15th , 2022 - OOTP Baseball 23.9 Build 102